Map: Dash and Terminal LE (Void)

Players

Beelzebub - Winner!

  • Race: Zerg Zerg
  • League: Grandmaster

wabbajack

  • Race: Zerg Zerg
  • League: Grandmaster

VOD

Have the link to the VOD?

Description

Time

  • Played on: July 15, 2015, 11:18 p.m.
  • Length: 2:58
Show
View Real Time Build Order
Export as new Build Order

Beelzebub Zerg - Winner!

Build Orders: Pool Only 

Get SALT Encoding   

  12  0:01  Drone  
  13  0:09  Extractor  
  12  0:22  Overlord  
  12  0:35  Spawning Pool  
  11  0:40  Drone  
  12  0:47  Drone  
  13  0:54  Drone  
  14  1:01  Drone  
  15  1:05  Drone  
  16  1:21  Queen  
  18  1:26  Metabolic Boost  
  18  1:31  Drone  
  19  1:35  Drone  
  20  1:44  Drone  
  21  1:50  Baneling Nest  
  20  1:55  Drone  
  20  1:59  Zergling x2  
  22  2:05  Spine Crawler  
  22  2:07  Zergling x2  
  21  2:32  Overlord x2  
Show
View Real Time Build Order
Export as new Build Order

wabbajack Zerg 

Build Orders: Pool First 

Get SALT Encoding   

  12  0:04  Extractor  
  11  0:22  Spawning Pool  
  11  0:26  Drone  
  11  0:31  Drone  
  12  0:38  Drone  
  13  0:50  Overlord  
  13  1:10  Zergling x6  
  16  1:16  Metabolic Boost  
  16  1:37  Zergling x2  
  17  1:48  Zergling x4  
  19  1:56  Zergling x2  
  20  2:08  Queen  
  22  2:20  Hatchery  
Tags
 
Add a new tag
Caveats
  • Supply blocks, unpowered buildings, or Contaminate may cause inaccurate times.
  • Supply counts are checked every 10 seconds.